 Dungeon Crawl Stone Soup version 0.22.1-6-g1668fe2c40 (webtiles) character file.

113 Ihlosi the Skirmisher (level 5, -1/33 HPs)
             Began as a Kobold Fighter on Jan 27, 2019.
             Slain by a gnoll
             ... wielding a +0 spear
              (6 damage)
             ... on level 2 of the Dungeon.
             The game lasted 00:04:53 (2224 turns).

Ihlosi the Skirmisher (Kobold Fighter)              Turns: 2224, Time: 00:04:55

Health: -1/33      AC: 14    Str: 14    XL:     5   Next: 17%
Magic:  5/5        EV:  8    Int: 10    God:
Gold:   109        SH:  0    Dex: 14    Spells: 4/4 levels left

rFire    . . .     SeeInvis .   a - +2 mace (protect)
rCold    . . .     Gourm    .   (shield restricted)
rNeg     . . .     Faith    .   b - +0 scale mail
rPois    .         Spirit   .   (no helmet)
rElec    .         Reflect  .   (no cloak)
rCorr    .         Harm     .   (no gloves)
MR       .....                  h - +0 pair of boots
Stlth    ..........             (no amulet)
HPRegen  0.11/turn              l - -3 ring of evasion (curse)
MPRegen  0.09/turn              (no ring)

@: protection aura
A: small, carnivore
a: no special abilities


You were on level 2 of the Dungeon.
You were completely stuffed.

You visited 1 branch of the dungeon, and saw 4 of its levels.

You collected 109 gold pieces.

Inventory:

Hand Weapons
 a - a +2 mace of protection (weapon)
Missiles
 j - 17 poisoned needles
 k - 13 bolts
Armour
 b - a +0 scale mail (worn)
 c - a +0 shield
 h - a +0 pair of boots (worn)
Jewellery
 l - a cursed -3 ring of evasion (left hand)
Wands
 n - a wand of random effects (13)
Scrolls
 e - 3 scrolls of identify
 g - a scroll of magic mapping
Potions
 d - a potion of berserk rage
Comestibles
 f - 4 rations
 i - 3 chunks of flesh


   Skills:
 * Level 3.7 Fighting
 * Level 3.1 Maces & Flails
 * Level 2.9 Armour
 * Level 1.3 Dodging
 * Level 2.7 Shields
 * Level 1.0 Evocations


You had 4 spell levels left.
You didn't know any spells.
Your spell library was empty.

Dungeon Overview and Level Annotations

Branches:
Dungeon (4/15)
 Temple: D:4-7

Altars:


Innate Abilities, Weirdness & Mutations

You are small and have problems with some larger weapons.
You are carnivorous and can eat meat at any time.


Message History

The gnoll hits you but does no damage. x2
You sock the gnoll!
You kill the gnoll!
The gnoll closely misses you. The gnoll barely misses you.
The gnoll hits you from afar with an enchanted spear!
Found an escape hatch in the floor.
Things that are here:
a whip of freezing; a gnoll corpse You hit the gnoll.
The gnoll is moderately wounded.
The gnoll hits you but does no damage. x2
You closely miss the gnoll.
The gnoll is moderately wounded.
The gnoll hits you with a spear.
* * * LOW HITPOINT WARNING * * *
The gnoll hits you from afar with an enchanted spear.
* * * LOW HITPOINT WARNING * * *
The gnoll hits you with a spear.
You die...

#......#
#......###+####
#......+......#
#......##.....#
#......##.....# #.
#......##.....# #
#.## #####..†.....#
... #.#...
#........#####.....
......
#..........@ggg...>
.....
#........#####.....
..... #........#
... #... #........#
. #... #........#
#... ##########
#... #... #..#
#########.#


You could see 3 gnolls.

Vanquished Creatures
  A worker ant (D:2)
  A hound skeleton (D:4)
  2 gnolls
  An adder (D:2)
  A dart slug (D:1)
  2 leopard geckos (D:1)
  3 giant cockroaches
  2 goblins (D:1)
  6 hobgoblins
  7 jackals
  A quokka (D:2)
  2 bats
  6 frilled lizards (D:1)
  5 kobolds
  2 rats (D:1)
  A plant (D:1)
43 creatures vanquished.

Notes
Turn   | Place    | Note
-------+----------+-------------------------------------------
     0 | D:1      | Ihlosi the Kobold Fighter began the quest for the Orb.
     0 | D:1      | Reached XP level 1. HP: 14/14 MP: 1/1
   373 | D:1      | Reached XP level 2. HP: 12/19 MP: 2/2
   792 | D:1      | Reached XP level 3. HP: 23/23 MP: 3/3
  1638 | D:2      | You fall through a shaft!
  1641 | D:3      | Noticed a centaur
  1669 | D:4      | Reached XP level 4. HP: 13/28 MP: 4/4
  1878 | D:4      | Reached skill level 1 in Dodging
  2170 | D:2      | Reached skill level 1 in Evocations
  2170 | D:2      | Reached XP level 5. HP: 33/33 MP: 5/5
  2224 | D:2      | Slain by a gnoll

Skill      XL: |  1  2  3  4 |
---------------+-------------+-----
Maces & Flails | 2 3 |  3.1
Dodging        | 1 |  1.3
Evocations     | 1 |  1.0
Fighting       | |  3.7
Armour         | |  2.9
Shields        | |  2.7

Action                   |  1- 3 |  4- 6 || total
-------------------------+-------+-------++-------
Melee: Flail             |    96 |       ||    96
       Mace              |    95 |    27 ||   122
Evoke: Wand              |       |     2 ||     2
  Use: Potion            |     3 |       ||     3
       Scroll            |       |     4 ||     4
  Eat: Chunk             |     9 |     4 ||    13
Armor: Scale mail        |    79 |    21 ||   100
Dodge: Dodged            |    87 |     9 ||    96
Block: Shield            |    18 |       ||    18
